 Dungeon Crawl Stone Soup version 0.22.1-1-ga44c0e5 (webtiles) character file.

84 Zebedee the Stinger (level 4, 0/54 HPs)
             Began as a Naga Venom Mage on Sept 23, 2018.
             Slain by an orc (3 damage)
             ... on level 2 of the Dungeon.
             The game lasted 00:06:52 (2184 turns).

Zebedee the Stinger (Naga Venom Mage)               Turns: 2184, Time: 00:06:53

Health: 0/54       AC:  2    Str: 16    XL:     4   Next: 46%
Magic:  6/16       EV:  9    Int: 15    God:
Gold:   103        SH:  0    Dex: 12    Spells: 1/7 levels left

rFire    . . .     SeeInvis +   r - +0 spear
rCold    . . .     Gourm    .   (no shield)
rNeg     . . .     Faith    .   e - +0 leather armour
rPois    +         Spirit   .   (no helmet)
rElec    .         Reflect  .   (no cloak)
rCorr    .         Harm     .   (no gloves)
MR       .....                  (no barding)
Stlth    ..........             d - amulet of rage
HPRegen  0.18/turn              f - ring of magical power
MPRegen  0.15/turn              (no ring)

@: berserking, very slightly contaminated, quick
A: large, see invisible, deformed body, poison resistance, slowness 2, slow
metabolism 1, spit poison 1, AC +1
a: Spit Poison, Evoke Berserk Rage


You were on level 2 of the Dungeon.
You were hungry.

You visited 1 branch of the dungeon, and saw 3 of its levels.

You collected 103 gold pieces.

Inventory:

Hand Weapons
 l - a +0 short sword
 r - a +0 spear (weapon)
Armour
 a - a +0 robe
 e - a +0 leather armour (worn)
Jewellery
 d - an amulet of rage (around neck)
 f - a ring of magical power (left hand)
Scrolls
 g - 5 scrolls of remove curse {unknown}
 j - 2 scrolls of random uselessness {unknown}
 m - a scroll of identify {unknown}
 n - 3 scrolls of fog {unknown}
 s - a scroll of noise {unknown}
Potions
 b - 3 potions of berserk rage
 i - a potion of might {unknown}
 k - 2 potions of lignification {unknown}
 o - a potion of degeneration {unknown}
 p - a potion of curing {unknown}
 q - 2 potions of flight {unknown}
 t - 2 potions of ambrosia {unknown}
 u - a potion of heal wounds {unknown}
Comestibles
 c - 5 rations


   Skills:
 + Level 0.2 Fighting
 + Level 0.6 Armour
 + Level 1.5 Dodging
 + Level 3.7 Stealth
 + Level 2.4 Spellcasting
 + Level 1.1 Conjurations
 * Level 1.5 Air Magic
 + Level 5.1 Poison Magic


You had one spell level left.
You knew the following spells:

 Your Spells              Type           Power        Failure   Level  Hunger
a - Sting                 Conj/Pois      ##..         7%          1    #......
b - Poisonous Vapours     Pois/Air       ##....       10%         2    ###....
c - Mephitic Cloud        Conj/Pois/Air  #.......     26%         3    ###....

Your spell library contained the following spells:

 Spells                   Type           Power        Failure   Level  Hunger
 Olgreb's Toxic Radiance  Pois           ###.....     30%         4    #####..
 Venom Bolt               Conj/Pois      ##........   89%         5    ######.


Dungeon Overview and Level Annotations

Branches:
Dungeon (3/15)

Altars:
Gozag


Innate Abilities, Weirdness & Mutations

You cannot wear boots.
Your serpentine skin is tough. (AC +1)
You have supernaturally acute eyesight. (SInv)
Armour fits poorly on your strangely shaped body.
Your system is resistant to poisons. (rPois)
You cover ground very slowly.
You have a slow metabolism.
You can spit poison.


Message History

Aim: an orc priest, wearing a ring mail (heavily wounded, poisoned) Poisonous vapours surround the orc priest!
You are feeling hungry.
The orc hits you but does no damage. The orc hits you with a dagger.
The orc priest looks even sicker.
The orc priest hits you.
Casting: Poisonous Vapours (safe; 11% risk of failure)
Confirm with . or Enter, or press ? or * to list all spells.
Aiming: Poisonous Vapours (safe; 11% risk of failure)
Press: ? - help, Dir - move target cursor, f/p - orc priest
Aim: an orc priest, wearing a ring mail (severely wounded, poisoned) Poisonous vapours surround the orc priest!
The orc hits you. The orc completely misses you.
The orc priest looks as sick as possible!
The orc priest calls down the wrath of Beogh upon you.
Pain shoots through your body!
* * * LOW HITPOINT WARNING * * *
It was a potion of berserk rage.
A red film seems to cover your vision as you go berserk!
You feel yourself moving faster!
You feel mighty! The orc hits you.
You die...

#.##.......##........#
#.##.....####.######.#
#........# #.# #.#
######..#####.### #.#
##..#.......# #.#
#.....#.#.#.# #.#
#..#........# ##.#
#.o#..#.#.#.# #..#
#.@##.......# #.##
#oo##.#.#.#.###.##
#..##....[.......#
#..........####..#
##.########## #..##
#...#### #..#.
#......# #...#
#...##.#########..##
######.....(......#


You could see an orc priest and 2 orcs.

Vanquished Creatures
  4 adders (D:2)
  3 worms (D:2)
  A leopard gecko (D:1)
  A ball python (D:1)
  2 giant cockroaches (D:1)
  4 goblins
  5 hobgoblins
  2 jackals (D:2)
  6 kobolds
  A quokka (D:2)
  5 bats
  6 rats
40 creatures vanquished.

Vanquished Creatures (others)
  4 toadstools (D:1)
4 creatures vanquished.

Grand Total: 44 creatures vanquished

Notes
Turn   | Place    | Note
-------+----------+-------------------------------------------
     0 | D:1      | Zebedee the Naga Venom Mage began the quest for the Orb.
     0 | D:1      | Reached XP level 1. HP: 15/15 MP: 3/3
   512 | D:1      | Reached XP level 2. HP: 22/22 MP: 5/5
   519 | D:1      | Learned a level 2 spell: Poisonous Vapours
   994 | D:2      | Reached XP level 3. HP: 28/28 MP: 6/6
  1163 | D:2      | Learned a level 3 spell: Mephitic Cloud
  1628 | D:2      | Reached skill level 1 in Air Magic
  1628 | D:2      | Reached XP level 4. HP: 33/36 MP: 7/7
  1710 | D:2      | Found an opulent altar of Gozag.
  1764 | D:2      | Reached skill level 5 in Poison Magic
  2184 | D:2      | Slain by an orc

Skill      XL: |  1  2  3  4 |
---------------+-------------+-----
Air Magic      | 1 |  1.5
Poison Magic   | 5 |  5.1
Fighting       | |  0.2
Armour         | |  0.6
Dodging        | |  1.5
Stealth        | |  3.7
Spellcasting   | |  2.4
Conjurations   | |  1.1

Action                   |  1- 3 |  4- 6 || total
-------------------------+-------+-------++-------
Melee: Unarmed           |    12 |       ||    12
       Spear             |     9 |    13 ||    22
       Short sword       |     1 |       ||     1
 Cast: Sting             |    68 |     6 ||    74
       Poisonous Vapours |    11 |    10 ||    21
 Abil: Spit Poison       |     1 |       ||     1
  Use: Potion            |       |     1 ||     1
  Eat: Chunk             |     3 |     2 ||     5
Armor: Leather armour    |     6 |     8 ||    14
Dodge: Dodged            |    27 |    12 ||    39
